[Event "2. Itzehoer Schach Open"]
[Site "Itzehoe, Germany"]
[Date "2023.04.29"]
[Round "2.1"]
[White "Carlstedt, Jonathan"]
[Black "Kitschke, Heiko"]
[Result "1-0"]
[TimeControl "90 min / 40 Züge + 30 min + 30 Sek pro Zug"]
[WhiteElo "2452"]
[BlackElo "2027"]

1. Nf3 d5 2. e3 Nf6 3. c4 e6 4. Nc3 Be7 5. b3 c6 6. Bb2 Nbd7 7. Qc2 O-O 8. Be2 b6 9. g4 dxc4 10.
bxc4 Bb7 11. g5 Ne8 12. h4 c5 13. Rh3 f6 14. gxf6 Ndxf6 15. Ng5 Qd7 16. Bg4 Nc7 17. Nb5 Be4 18.
Nxe4 Nxg4 19. Nxc7 Qxc7 20. Ng5 Bxg5 21. hxg5 g6 22. f3 Ne5 23. f4 Nc6 24. Qxg6+ hxg6 25. Rh8+ Kf7 26. Rh7+ Ke8 27.
Rxc7 Nb4 28. Ke2 Rf7 29. Rxf7 Kxf7 30. Rh1 1-0

[Event "2. Itzehoer Schach Open"]
[Site "Itzehoe, Germany"]
[Date "2023.04.29"]
[Round "2.28"]
[White "Steiner, Peter Markus"]
[Black "Fuhrmann, Jeppe"]
[Result "0-1"]
[TimeControl "90 min / 40 Züge + 30 min + 30 Sek pro Zug"]
[WhiteElo "1603"]
[BlackElo "1379"]

1. b4 e5 2. Bb2 d6 3. e3 Nc6 4. b5 Nce7 5. c4 Nf6 6. Nc3 Ng6 7. Nf3 Be7 8. d4 Bf5 9. Be2 h6 10.
a4 c6 11. O-O O-O 12. Qb3 Qc7 13. Rac1 Rac8 14. Rfd1 Rfd8 15. Ba3 Qb6 16. dxe5 dxe5 17. Bxe7 Rxd1+ 18. Rxd1 Nxe7 19. Nxe5 Qc7 20.
Nf3 Be6 21. Nd4 Ng4 22. g3 Ne5 23. Nxe6 fxe6 24. f4 Nd7 25. Ne4 Nb6 26. a5 Nd7 27. Nd6 Rd8 28. Qc3 Nc5 29. Qe5 cxb5 30.
cxb5 b6 31. axb6 axb6 32. Rd4 Nd5 33. Rxd5 exd5 34. Qxd5+ Kh7 35. Bc4 Qxd6 0-1

[Event "2. Itzehoer Schach Open"]
[Site "Itzehoe, Germany"]
[Date "2023.04.29"]
[Round "2.6"]
[White "Roebers, Jan"]
[Black "Helms, Finn"]
[Result "1-0"]
[TimeControl "90 min / 40 Züge + 30 min + 30 Sek pro Zug"]
[WhiteElo "2083"]
[BlackElo "2002"]

1. e4 c6 2. Nf3 d5 3. exd5 cxd5 4. Ne5 Nc6 5. Bb5 Bd7 6. Nxd7 Qxd7 7. d4 a6 8. Be2 Nf6 9. O-O e6 10.
Bf4 Bd6 11. Bxd6 Qxd6 12. c3 O-O 13. Nd2 b5 14. a3 Na5 15. b4 Nc4 16. Nb3 Ne4 17. Qc2 f5 18. a4 Qf4 19. axb5 axb5 20.
Bxc4 bxc4 21. Nc5 Nxc5 22. bxc5 Rxa1 23. Rxa1 Rb8 24. Re1 Re8 25. g3 Qc7 26. Qa4 Kf7 27. f4 h6 28. Qa6 g5 29. Rb1 Re7 30. fxg5 hxg5 31. c6 Qd6 32. Rb7 Rxb7 33. Qxb7+ Kg6 34.
Qd7 Qa3 35. Qxe6+ Kg7 36. c7 Qc1+ 37. Kf2 Qb2+ 38. Kg1 Qc1+ 39. Kf2 Qb2+ 40. Qe2 Qb7 41. Qe7+ 1-0

[Event "2. Itzehoer Schach Open"]
[Site "Itzehoe, Germany"]
[Date "2023.04.29"]
[Round "2.36"]
[White "Beth, Felix"]
[Black "Baumann, Simon"]
[Result "0-1"]
[TimeControl "90 min / 40 Züge + 30 min + 30 Sek pro Zug"]
[WhiteElo "1498"]
[BlackElo "1289"]

1. d4 d5 2. Bf4 Bf5 3. e3 e6 4. Bd3 Bg6 5. c3 Bd6 6. Bg3 Ne7 7. Qc2 Nbc6 8. Nf3 O-O 9. Nbd2 Bxd3 10.
Qxd3 Ng6 11. Bxd6 cxd6 12. h4 f5 13. Ng5 Re8 14. f4 Qf6 15. h5 Nf8 16. Qb5 Rab8 17. O-O-O a6 18. Qb3 h6 19.
Ngf3 Qe7 20. Rdg1 b5 21. g4 fxg4 22. Rxg4 Qd8 23. f5 a5 24. fxe6 Ne7 25. Ng5 a4 26. Qc2 Nc8 27. Nf7 Qf6 28.
Rf1 Qxe6 29. Rg3 Re7 30. Nxh6+ Qxh6 31.
Qf5 Nb6 32. Rf2 Qh7 33. Qf3 Nc4 34. Qxd5+ Kh8 35. Nxc4 bxc4 36. Qxc4 Qxh5 37. Rff3 Qh1+ 38. Rf1 Qh2 39. Rgf3 Qxb2+ 40. Kd1 Qb1+ 41. Kd2 Rb2# 0-1

[Event "2. Itzehoer Schach Open"]
[Site "Itzehoe, Germany"]
[Date "2023.04.29"]
[Round "2.14"]
[White "Thomas, Jeremy"]
[Black "Trzcielinski, Jens"]
[Result "1-0"]
[TimeControl "90 min / 40 Züge + 30 min + 30 Sek pro Zug"]
[WhiteElo "1894"]
[BlackElo "1693"]

1. e4 d5 2. exd5 Nf6 3. d4 Bg4 4. Be2 Bxe2 5. Nxe2 Qxd5 6. O-O e6 7. b3 Bd6 8. c4 Qh5 9. Nf4 Qxd1 10. Rxd1 O-O 11. Nc3 Nbd7 12. Nb5 a6 13.
Nxd6 cxd6 14. Ba3 Ne8 15. d5 e5 16. Nd3 f5 17. c5 dxc5 18. Nxc5 Nxc5 19. Bxc5 Rf7 20. f3 Rc8 21. b4 Rd7 22.
Rd2 Kf7 23. Re1 Kf6 24. g4 g5 25. d6 b6 26. Bxb6 Rxd6 27. Rxd6+ Nxd6 28. Rd1 Nf7 29. gxf5 Kxf5 30. a4 Rc4 31.
Ba5 h5 32. Rd7 Rc1+ 33. Kf2 Rc2+ 34. Ke3 Ke6 35. Ra7 Rc3+ 36. Ke2 Rc6 37. Bc7 Nd6 38. Bxd6 Rxd6 39. b5 axb5 40. axb5 Rb6 41.
Ra6 Rxa6 42. bxa6 Kd6 43. a7 1-0

[Event "2. Itzehoer Schach Open"]
[Site "Itzehoe, Germany"]
[Date "2023.04.29"]
[Round "2.12"]
[White "Ackermann, Hans-Christian"]
[Black "Kosanke, Stefan"]
[Result "0-1"]
[TimeControl "90 min / 40 Züge + 30 min + 30 Sek pro Zug"]
[WhiteElo "1722"]
[BlackElo "1933"]

1. e4 e5 2. Nc3 Nc6 3. Bc4 Nf6 4. Nge2 Bc5 5. h3 d6 6. O-O a6 7. a3 O-O 8. Ng3 Nd4 9. Ba2 c6 10. Na4 Ba7 11. c3 Ne6 12.
b4 d5 13. exd5 cxd5 14. d3 Qc7 15. Bd2 e4 16. d4 Bd7 17. Nc5 Rad8 18. Nh5 Nxh5 19. Qxh5 Bc6 20. f4 Bxc5 21. bxc5 f5 22. Rae1 Rf6 23. Qh4 Rdf8 24.
Qf2 Qd7 25. c4 Kh8 26. cxd5 Bxd5 27. Bc3 h6 28. Rd1 g5 29. fxg5 hxg5 30. Bb4 R8f7 31. Bc3 Rh7 32. Bb1 Nf4 33.
Qe3 Qg7 34. Rf2 Rfh6 35. Ba2 Qf7 36. Rdd2 Nxh3+ 37. gxh3 Rxh3 38. Qxh3 Rxh3 39. Bxd5 Qxd5 40. Rh2 Rxh2 41. Rxh2+ Kg7 42. Rg2 Kf6 43. Kf1 Qc4+ 0-1

[Event "2. Itzehoer Schach Open"]
[Site "Itzehoe, Germany"]
[Date "2023.04.29"]
[Round "2.5"]
[White "Vieito, Luis-Maria"]
[Black "Helmer, Jan"]
[Result "0-1"]
[TimeControl "90 min / 40 Züge + 30 min + 30 Sek pro Zug"]
[WhiteElo "1773"]
[BlackElo "2091"]

1. e4 c5 2. Nc3 Nc6 3. g3 g6 4. Bg2 Bg7 5. Nge2 e6 6. O-O Nge7 7. d3 O-O 8. Be3 Nd4 9. Qd2 Nec6 10.
Nd1 d6 11. c3 Nxe2+ 12. Qxe2 b6 13. f4 Qc7 14. Rc1 f5 15. exf5 exf5 16. Bd5+ Kh8 17. Qf3 Bb7 18. Nf2 Rab8 19.
h4 Ne7 20. Bxb7 Qxb7 21. Kg2 Qxf3+ 22. Kxf3 Nc6 23. h5 d5 24. hxg6 hxg6 25. Rh1+ Kg8 26. d4 cxd4 27. cxd4 Rbc8 28. Rcd1 Rfe8 29. g4 Re6 30.
gxf5 gxf5 31. Nd3 Bxd4 32. Ne5 Bxe5 33. fxe5 Nxe5+ 34. Kf4 Ng6+ 35. Kxf5 Re5+ 0-1

[Event "2. Itzehoer Schach Open"]
[Site "Itzehoe, Germany"]
[Date "2023.04.29"]
[Round "2.19"]
[White "Zoellner, Bente"]
[Black "Wusterack, Paul"]
[Result "0-1"]
[TimeControl "90 min / 40 Züge + 30 min + 30 Sek pro Zug"]
[WhiteElo "1805"]
[BlackElo "1647"]

1. d4 Nf6 2. Nf3 e6 3. c4 d5 4. Nc3 Bb4 5. Bg5 O-O 6. e3 c6 7. cxd5 cxd5 8. Bd3 Nc6 9. O-O Be7 10.
Rc1 h6 11. Bh4 a6 12. a3 Bd7 13. b4 b5 14. Qb3 Qb6 15. Ne5 g5 16. Bg3 Nxe5 17. Bxe5 Ng4 18. Bg3 f5 19. Qd1 Nf6 20.
Be5 Be8 21. Qf3 Bg6 22. Qe2 Ng4 23. f4 Nxe5 24. fxe5 Kg7 25. a4 Bxb4 26. axb5 Bxc3 27. Rxc3 axb5 28. Bxb5 Rfc8 29. Rfc1 Rxc3 30.
Rxc3 Ra1+ 31. Kf2 Qa5 32. Rb3 Bh5 33. Qxh5 Qe1+ 34. Kf3 g4+ 35. Kf4 Qf2# 0-1

[Event "2. Itzehoer Schach Open"]
[Site "Itzehoe, Germany"]
[Date "2023.04.29"]
[Round "2.32"]
[White "Knudsen, Max Leon"]
[Black "Scheele, Justus"]
[Result "0-1"]
[TimeControl "90 min / 40 Züge + 30 min + 30 Sek pro Zug"]
[WhiteElo "931"]
[BlackElo "1098"]

1. e4 e5 2. Nf3 Nc6 3.
Bc4 g6 4. d3 Nf6 5. Ng5 Bg7 6.
Nxf7 Qe7 7. Nxh8 Bxh8 8. Nc3 d6 9. Bg5 Qf8 10. Bxf6 Bxf6 11. Nd5 Bd8 12. c3 Ne7 13. d4 exd4 14.
cxd4 Nxd5 15. Bxd5 Bh4 16. O-O Qf4 17. e5 Qg5 18. Qf3 Bf5 19. Bxb7 Rb8 20. Qc6+ Kd8 21. exd6 cxd6 22. Qxd6+ Bd7 23.
Qxb8+ Ke7 24. Rfe1+ Kf7 25. Qc7 Qf5 26. Bd5+ Kf8 27. Rf1 Bg5 28. Qc5+ Be7 29. Qc4 Bd6 30. Bf3 Qf4 31. Qd5 Qxh2# 0-1

[Event "2. Itzehoer Schach Open"]
[Site "Itzehoe, Germany"]
[Date "2023.04.29"]
[Round "2.8"]
[White "Fuhrmann, Bahne"]
[Black "Fuhrmann, Åke"]
[Result "1/2-1/2"]
[TimeControl "90 min / 40 Züge + 30 min + 30 Sek pro Zug"]
[WhiteElo "2035"]
[BlackElo "1992"]

1. d4 Nf6 2. c4 g6 3. Nc3 Bg7 4. e4 d6 5. Be2 O-O 6. Be3 e5 7. d5 Na6 8. g4 Nc5 9. f3 h5 10.
g5 Nh7 11. h4 f6 12. Qd2 fxg5 13. hxg5 Rf4 14. b4 Na6 15. Nd1 Nxg5 16. Nf2 Nf7 17. Ngh3 Rh4 18. Bf1 Qf6 19. O-O-O c6 20.
Rg1 cxd5 21. cxd5 Bd7 22. Bxa6 bxa6 23. Rg3 Rf4 24. Rdg1 Nh8 25. Ng5 Rc8+ 26. Kb1 h4 27. R3g2 Rxf3 28.
Nxf3 Qxf3 29. Bh6 Bf6 30. Qe3 Rc3 31. Qxa7 Rb3+ 32. axb3 Qxb3+ 33. Ka1 Qa3+ 34. Kb1 Qb3+ 1/2-1/2

[Event "2. Itzehoer Schach Open"]
[Site "Itzehoe, Germany"]
[Date "2023.04.29"]
[Round "2.33"]
[White "Haertel, Leon"]
[Black "Dau-Schmidt, Piet"]
[Result "1-0"]
[TimeControl "90 min / 40 Züge + 30 min + 30 Sek pro Zug"]
[WhiteElo "1323"]
[BlackElo "1606"]

1. d4 e6 2. c4 b6 3. Nc3 Bb7 4.
Nf3 Bb4 5. e3 f5 6. Bd3 Nf6 7. O-O O-O 8. Bd2 Bxc3 9. Bxc3 Ne4 10. Rc1 Na6 11. Nd2 Nxd2 12. Qxd2 Qg5 13. f4 Qe7 14.
b4 c5 15. b5 Nc7 16. dxc5 bxc5 17. a4 Rfd8 18. Rfd1 Rac8 19. Qb2 d5 20. Be5 dxc4 21. Bxc4 Nd5 22. Qb3 g5 23. Rd2 Kf7 24.
Rcd1 Rd7 25. Qd3 Ke8 26. Qb3 Rcd8 27. a5 gxf4 28. exf4 Qh4 29. g3 Qh3 30. Bf1 Qh6 31. Re1 Kf7 32.
Rc2 Qf8 33. Qf3 Nf6 34. Qe2 Be4 35. Rb2 Ng4 36. b6 axb6 37. axb6 Nxe5 38. fxe5 Qh6 39. Qe3 Qxe3+ 40. Rxe3 Rb7 41.
Ba6 Rbb8 42. Re1 Rd5 43. Rc1 Rxe5 44. b7 Rd5 45. Rb5 Rd7 46. Rbxc5 Bxb7 47. Rb1 Bxa6 48. Rxb8 Kf6 49. Rb6 Rd1+ 50.
Kg2 Rd2+ 51. Kg1 Rd1+ 52. Kf2 Rd2+ 53. Ke3 Re2+ 54. Kf3 Ra2 55. Rcc6 Be2+ 56. Ke3 Bg4 57. Rxe6+ Kg5 58. h4+ 1-0

[ePGN "0.1;DGT LiveChess/2.2.5"]

[Event "2. Itzehoer Schach Open"]
[Site "Itzehoe, Germany"]
[Date "2023.04.29"]
[Round "2.43"]
[White "Hock, Reiner"]
[Black "Offenbaecher, Julius"]
[Result "0-1"]
[TimeControl "90 min für 40 Züge, Rest 30 min + 30 Sek pro Zug"]
[WhiteElo "1338"]
[BlackElo "1128"]

1. d4 Nf6 2. e3 e6 3. Bd3 d5 4. Nd2 Be7 5. f4 Nbd7 6. Ngf3 b6 7. O-O O-O 8. e4 dxe4 9. Nxe4 Bb7 10. Qe2 c5 11. c3 Qc7 12. Ne5 Nxe4 13. Bxe4 Bxe4 14. Qxe4 Nf6 15.
Qf3 cxd4 16. cxd4 Qd6 17. Be3 Qd5 18. Nc6 Qd6 19. Rac1 Nd5 20. Bd2 Rfc8 21. Ne5 Nf6 22. Bc3 Qd5 23.
Qh3 Qxa2 24. Nf3 Nd5 25. Ng5 h6 26. Ra1 Qb3 27. Nxe6 Nxc3 28. Qg4 Qxe6 29. f5 Qe3+ 30. Rf2 Nd5 31. Qe2 Rc1+ 32.
Rxc1 Qxc1+ 33. Rf1 Qe3+ 34. Rf2 Qxe2 35. Rxe2 Bf6 36. Rd2 g6 37. fxg6 fxg6 38. Rc2 Bxd4+ 39. Kf1 0-1

[Event "2. Itzehoer Schach Open"]
[Site "Itzehoe, Germany"]
[Date "2023.04.29"]
[Round "2.41"]
[White "Liu, Jan Luca"]
[Black "Marx, Jakob"]
[Result "1-0"]
[TimeControl "90 min für 40 Züge, Rest 30 min + 30 Sek pro Zug"]
[WhiteElo "1073"]
[BlackElo "1398"]

1. d4 d5 2. c4 e5 3. dxe5 d4 4. Nf3 Bb4+ 5. Bd2 Bxd2+ 6. Qxd2 c5 7. e3 Nc6 8. a3 Na5 9. Qd1 Qb6 10. Qc2 Ne7 11. Ra2 Bf5 12.
Qd1 Nb3 13. Nbd2 Na5 14. Qa4+ Bd7 15. Qd1 Bf5 16. Qa4+ Nec6 17. b4 cxb4 18. axb4 Qxb4 19. Qxb4 Nxb4 20. Rxa5 b6 21. Rb5 Nc2+ 22. Ke2 d3+ 23. Kd1 Bd7 24.
Rd5 Ba4 25. Kc1 b5 26. Bxd3 Nb4 27. Rd6 Nxd3+ 28. Rxd3 bxc4 29. Nxc4 Rc8 30. Rd4 Bb5 31. Nfd2 O-O 32. Kd1 Rfd8 33. Rxd8+ Rxd8 34. Nd6 Ba4+ 35. Ke2 Bc6 36. f3 a5 37.
Ra1 a4 38. N2c4 h6 39. Na3 Rb8 40. Rb1 Rb3 41. Rxb3 axb3 42. Nac4 Kf8 43. Kd3 Ke7 44. e4 Ke6 45. f4 g5 46.
f5+ Ke7 47. Kc3 b2 48. Kxb2 g4 49. Kc3 h5 50. Kd2 Ba4 51. Ke3 Kd8 52. Nxf7+ Ke7 53. e6 Bb3 54. Nd2 Ba4 55. h3 Bd1 56. Nf1 h4 57. hxg4 Bxg4 58. Kf4 h3 59. gxh3 Bxh3 60.
Ng3 Bg2 61. Ke5 Bh3 62. f6+ Kf8 63. Nf5 Bxf5 64. Kxf5 Ke8 65. e7 Kxf7 66. e5 Ke8 67. Kg6 Kd7 68. Kf7 Kc6 69. e8=Q+ Kd5 70.
Qe6+ Ke4 71. Qc4+ Ke3 72. Ke6 Kf3 73. Qd4 Kg2 74. Qe3 Kh1 75. Qe2 Kg1 76. f7 Kh1 77. f8=Q Kg1 78. Qff1# 1-0

[Event "2. Itzehoer Schach Open"]
[Site "Itzehoe, Germany"]
[Date "2023.04.29"]
[Round "2.38"]
[White "Brandt, Volker"]
[Black "Bruehl, Rainer"]
[Result "1-0"]
[TimeControl "90 min für 40 Züge, Rest 30 min + 30 Sek pro Zug"]
[WhiteElo "1469"]
[BlackElo "1269"]

1. d4 Nf6 2. f3 Nc6 3. d5 Nb4 4. e4 e5 5. a3 Na6 6. c4 Bc5 7. Ne2 O-O 8. b4 Be7 9. Bb2 d6 10. Nd2 c5 11. b5 Nb8 12. Nc3 a6 13. a4 axb5 14. Nxb5 b6 15.
Be2 Nh5 16. Bc1 Nf4 17. Bf1 f5 18. g3 Ng6 19. Bg2 Bf6 20. Qc2 f4 21. Nb3 fxg3 22. hxg3 Na6 23. Bd2 Nc7 24. a5 Nxb5 25.
cxb5 Bg5 26. a6 Bd7 27. Qc4 Bxd2+ 28. Nxd2 Qg5 29. Nf1 Nf4 30. Kf2 Nxg2 31. Kxg2 Qf6 32. Nh2 h6 33. a7 Qd8 34.
Rhf1 Qc7 35. f4 Rxa7 36. Rxa7 Qxa7 37. fxe5 Rxf1 38. Nxf1 Qa5 39. e6 Be8 40. e5 Qb4 41. Qxb4 cxb4 42.
exd6 Kf8 43. Nd2 Bxb5 44. d7 Ke7 45. d6+ 1-0

[Event "2. Itzehoer Schach Open"]
[Site "Itzehoe, Germany"]
[Date "2023.04.29"]
[Round "2.37"]
[White "Tran, Hanna Emilie Mai Hoa"]
[Black "Aguike, Toshiya"]
[Result "0-1"]
[TimeControl "90 min für 40 Züge, Rest 30 min + 30 Sek pro Zug"]
[WhiteElo "1250"]
[BlackElo "1491"]

1. e4 e5 2. Nf3 Nc6 3. Bc4 Bc5 4. c3 Nf6 5. d4 exd4 6. cxd4 Bb4+ 7. Nc3 d6 8. O-O O-O 9. Bg5 h6 10.
Bh4 Bg4 11. d5 Ne5 12. Be2 g5 13. Bg3 Bxc3 14. bxc3 Nxe4 15. Bxe5 dxe5 16. Nxe5 Nxc3 17. Qd2 Bxe2 18. Qxc3 Bxf1 19.
Rxf1 Qxd5 20. Ng4 Qc6 21. Nf6+ Kg7 22. Nh5+ Kg6 23. Qxc6+ bxc6 24. Ng3 Rab8 25. Rc1 Rb2 26. Rxc6+ f6 27.
h3 Rxa2 28. Rxc7 Ra8 29. Ne4 a5 30. Rc6 a4 31. Rxf6+ Kg7 32. Rc6 a3 33. Rc7+ Kf8 34. Rh7 Ra6 35. Rh8+ Kg7 36. Rc8 Ra1+ 37.
Kh2 a2 38. Rc7+ Kg6 39. Rc2 Rb1 40. Rxa2 Rxa2 41. Nc3 Rbb2 42. Nxa2 Rxa2 0-1

[Event "2. Itzehoer Schach Open"]
[Site "Itzehoe, Germany"]
[Date "2023.04.29"]
[Round "2.44"]
[White "Drozd, Maciej"]
[Black "Oortmann, Alexis"]
[Result "0-1"]
[TimeControl "90 min für 40 Züge, Rest 30 min + 30 Sek pro Zug"]
[WhiteElo "1334"]
[BlackElo "1095"]

1. e4 c5 2. Nf3 Nc6 3. d4 cxd4 4. Nxd4 Nf6 5. Nc3 e5 6. Ndb5 d6 7. Nd5 Nxd5 8. exd5 Nb8 9. c4 Be7 10.
Bd3 O-O 11. O-O a6 12. Nc3 f5 13. Re1 Nd7 14. b4 Nf6 15. Qb3 Kh8 16. Ba3 Bd7 17. Rad1 Qe8 18. Ne2 g5 19. Bc2 Qg6 20.
Bb2 Rac8 21. Ng3 Ng8 22. c5 dxc5 23.
bxc5 Rxc5 24. Bxe5+ Bf6 25. Bxf6+ Nxf6 26. Bb1 Rb5 27. Qa3 Re8 28. Rxe8+ Qxe8 29. Bxf5 Bxf5 30. Nxf5 Rxd5 31. Rxd5 Qe1# 0-1

[Event "2. Itzehoer Schach Open"]
[Site "Itzehoe, Germany"]
[Date "2023.04.29"]
[Round "2.39"]
[White "Lorenz, Felix"]
[Black "Moeller, Rainer"]
[Result "1-0"]
[TimeControl "90 min für 40 Züge, Rest 30 min + 30 Sek pro Zug"]
[WhiteElo "1128"]
[BlackElo "1414"]

1. e4 c5 2. Nf3 d6 3. c3 Nc6 4. d4 cxd4 5. cxd4 Nf6 6. Be2 Nxe4 7. d5 Ne5 8. Qa4+ Bd7 9. Qxe4 Nxf3+ 10. Qxf3 g6 11. O-O Bg7 12. Nc3 O-O 13. Bf4 a6 14. Rab1 b5 15. a3 Rb8 16. b4 Rc8 17. Rbc1 e5 18.
dxe6 Bxe6 19. Ne4 Bd5 20. Rxc8 Qxc8 21. Nf6+ Bxf6 22. Qxd5 Re8 23. Qxd6 Qc3 24. Bf3 Kg7 25. Qxa6 Re1 26.
Qxb5 Rxf1+ 27. Qxf1 Qxa3 28. Qb1 1-0

[Event "2. Itzehoer Schach Open"]
[Site "Itzehoe, Germany"]
[Date "2023.04.29"]
[Round "2.48"]
[White "Roebers, Bregje"]
[Black "Schartl, Richard"]
[Result "1-0"]
[TimeControl "90 min für 40 Züge, Rest 30 min + 30 Sek pro Zug"]
[WhiteElo "1162"]
[BlackElo "849"]

1. e4 c5 2. Nf3 Nc6 3. c3 e5 4. d4 cxd4 5. cxd4 d6 6. dxe5 dxe5 7. Qxd8+ Nxd8 8. Nxe5 Bd6 9. Nf3 Nc6 10.
a3 a6 11. Be2 Nge7 12. O-O O-O 13. Nc3 Bg4 14. h3 Bxf3 15. Bxf3 Na7 16. Be3 Nac6 17. Rad1 Rfd8 18. Bb6 Rd7 19.
Bg4 f5 20. exf5 Ne5 21. Bd4 Nxg4 22. hxg4 Nc6 23. Bb6 a5 24. Ne4 Ra6 25. Bc5 Nb8 26. Bxd6 Rb6 27. Bxb8 Re7 28. f3 Re8 29. Bc7 1-0

[Event "2. Itzehoer Schach Open"]
[Site "Itzehoe, Germany"]
[Date "2023.04.29"]
[Round "2.49"]
[White "Hieke, Andrea"]
[Black "Eichmann, Phillip"]
[Result "0-1"]
[TimeControl "90 min für 40 Züge, Rest 30 min + 30 Sek pro Zug"]
[WhiteElo "912"]
[BlackElo "1052"]

1. e4 e5 2. Nf3 Nc6 3. Bc4 Bc5 4. d3 Nf6 5. Nc3 d6 6. O-O Bg4 7. Nd5 h6 8. h3 Bh5 9. Re1 Nd4 10.
Be3 Nxf3+ 11. gxf3 c6 12. d4 cxd5 13. exd5 exd4 14. Bxd4+ Kd7 15. Bb5+ Kc7 16. Re3 Nxd5 17. Rb3 a6 18.
Bc4 Qg5+ 19. Kf1 Nb6 20.
Qd3 Bg6 21. Qc3 Bxd4 22. Qxd4 Qc5 23.
Qf4 Nxc4 24. Rc3 b5 25. b3 Qb4 26. Qe3 Nxe3+ 27. Rxe3 Rhe8 28. Rae1 f6 29. Re7+ Rxe7 30. Rxe7+ Kc6 31.
Rxg7 Bxc2 32. Rg6 Bxg6 33. a4 Qxb3 34. Kg2 Qxa4 35. Kg3 Re8 36. f4 Qb3+ 37. Kg4 Re4 38. f3 h5+ 39. Kg3 Kd5 40. h4 Bf5 41. Kf2 Rxf4 42.
Kg3 Rxf3+ 43. Kg2 Rc3 44. Kf2 Qb2+ 45. Ke1 Rc1# 0-1

[Event "2. Itzehoer Schach Open"]
[Site "Itzehoe, Germany"]
[Date "2023.04.29"]
[Round "2.40"]
[White "Frahm, Ben Jonas"]
[Black "Lorenzen, Lars"]
[Result "1-0"]
[TimeControl "90 min für 40 Züge, Rest 30 min + 30 Sek pro Zug"]
[WhiteElo "1406"]
[BlackElo "1218"]

1. e4 d6 2. d4 Nf6 3. Nc3 g6 4. Be3 c6 5. Be2 Bg7 6. f4 Nbd7 7. Nf3 Ng4 8. Qd2 e5 9. h3 Nxe3 10. Qxe3 exd4 11. Nxd4 Qb6 12.
O-O-O Qc7 13. Nf3 b5 14. Rd2 a5 15. Rhd1 Bf8 16. e5 dxe5 17. Nxe5 Be7 18. Nxd7 Bxd7 19. Rxd7 Qxd7 20. Rxd7 Kxd7 21. Qd4+ Kc7 22. Ne4 f5 23. Qe5+ Kd7 24.
Nc5+ Bxc5 25. Qxc5 Rhe8 26. Bf3 Re6 27. Qd4+ Kc7 28. Qg7+ Kb6 29. Qxh7 a4 30. Qd7 Rae8 31. Kd2 R8e7 32.
Qd8+ Kc5 33. b4+ axb3 34. Kc3 Re3+ 35. Kb2 bxa2 36. Kxa2 R7e6 37. Qf8+ Kc4 38. h4 c5 39. Qd8 Kb4 40.
Qa8 Rc3 41. Kb2 Rd6 42. Kc1 Ra3 43.
Qh8 Rda6 44. Qb2+ Ka4 45. c3 1-0

[Event "2. Itzehoer Schach Open"]
[Site "Itzehoe, Germany"]
[Date "2023.04.29"]
[Round "2.51"]
[White "Greiner, Andre"]
[Black "Prigandt, Junis"]
[Result "1-0"]
[TimeControl "90 min für 40 Züge, Rest 30 min + 30 Sek pro Zug"]
[WhiteElo "796"]
[BlackElo "995"]

1. e4 e6 2. d4 d5 3. Nc3 c5 4.
Nf3 Nc6 5. Bb5 Qb6 6. Be3 Nge7 7. Ne5 f5 8. Qf3 cxd4 9. Qh5+ g6 10. Bxc6+ bxc6 11. Na4 Qb4+ 12.
Bd2 Qxa4 13. Qd1 dxe4 14. O-O Qb5 15. Bf4 Qxb2 16. Nc4 Qc3 17. Nd6+ Kd7 18. Rb1 d3 19. cxd3 exd3 20. Qa4 Nd5 21.
Nf7 Rg8 22. Be5 Qc2 23. Qa5 Ke7 24. Nd6 Bg7 25. Nxc8+ Raxc8 26. Rb7+ Kf8 27. Bd6+ Ne7 28. Bxe7+ Kf7 29. Bg5+ Ke8 30.
Re7+ Kf8 31. Qxa7 1-0

[Event "2. Itzehoer Schach Open"]
[Site "Itzehoe, Germany"]
[Date "2023.04.29"]
[Round "2.46"]
[White "Lueders Vega, Iago Ernst"]
[Black "Steinbach, Aaron"]
[Result "1/2-1/2"]
[TimeControl "90 min für 40 Züge, Rest 30 min + 30 Sek pro Zug"]
[WhiteElo "1333"]
[BlackElo "787"]

1. e4 d6 2. d4 Nf6 3. Nc3 g6 4.
Bg5 Bg7 5. Bc4 c6 6. Nf3 Bg4 7. h3 Bxf3 8. Qxf3 O-O 9. O-O b5 10. Be2 Nbd7 11. a3 a6 12. Rad1 h6 13. Bxf6 Bxf6 14.
Qd3 c5 15. dxc5 Nxc5 16. Qe3 Bg7 17. b4 Nb7 18. Bf3 Qc7 19. Nd5 Qd8 20. e5 Re8 21. e6 f5 22. Nf4 g5 23. Bxb7 gxf4 24.
Qxf4 Ra7 25. Bd5 Rf8 26. Rd3 Kh7 27. Kh1 Qc8 28. Qe3 Qxc2 29. Rc1 Qb2 30. Rb3 Qd4 31. Qf3 Kg8 32. Rbc3 Qe5 33.
Re3 Qf6 34. Rg1 Rc7 35. g4 fxg4 36. Qxg4 Kh8 37. Reg3 Rg8 38. Be4 Rc4 39. Rf3 Qe5 40. Rf4 d5 1/2-1/2